 Dungeon Crawl Stone Soup version 0.24-a0-525-g9231cdc (webtiles) character file.

Game seed: 17388223841235792371

263 snetch the Chopper (level 5, -3/72 HPs)
             Began as a Minotaur Berserker on July 31, 2019.
             Was a Believer of Trog.
             Slain by Grinder (6 damage)
             ... on level 3 of the Dungeon.
             The game lasted 00:08:37 (1711 turns).

snetch the Chopper (Minotaur Berserker)             Turns: 1711, Time: 00:08:39

Health: -3/72      AC:  5    Str: 27    XL:     5   Next: 97%
Magic:  4/4        EV: 12    Int:  4    God:    Trog [**....]
Gold:   154        SH:  0    Dex: 10    Spells: 4/4 levels left

rFire    . . .     SeeInvis .   u - -3 mace (curse)
rCold    . . .     Gourm    .   (no shield)
rNeg     . . .     Faith    .   m - +0 ring mail
rPois    .         Spirit   .   (helmet restricted)
rElec    .         Reflect  .   (no cloak)
rCorr    .         Harm     .   (no gloves)
MR       ++...                  (no boots)
Stlth    ..........             (no amulet)
HPRegen  1.22/turn              (no ring)
MPRegen  0.09/turn              (no ring)

@: berserking, regenerating, very quick
A: retaliatory headbutt, horns 2
a: Berserk, Trog's Hand, Renounce Religion


You were on level 3 of the Dungeon.
You worshipped Trog.
Trog was pleased with you.
You were very hungry.

You visited 1 branch of the dungeon, and saw 4 of its levels.

You collected 154 gold pieces.

Inventory:

Hand Weapons
 a - a +0 morningstar
 b - a +0 hunting sling of freezing
 s - a +0 hand axe
 u - a cursed -3 mace (weapon)
Missiles
 h - 187 stones (quivered)
 p - 38 bolts
 v - 20 poisoned darts
Armour
 m - a +0 ring mail (worn)
Wands
 d - a wand of flame (9)
Scrolls
 f - 2 scrolls of remove curse {unknown}
 j - a scroll of identify {unknown}
 k - 3 scrolls of amnesia {unknown}
 l - 5 scrolls of teleportation {unknown}
 o - a scroll of enchant armour {unknown}
 t - a scroll of immolation {unknown}
Potions
 e - 2 potions of curing
 g - a potion of brilliance {unknown}
 i - a potion of haste {unknown}
 n - 2 potions of degeneration {unknown}
 r - a potion of heal wounds {unknown}
 w - a potion of lignification {unknown}
Comestibles
 c - 7 rations
 q - 3 chunks of flesh


   Skills:
 + Level 5.3 Fighting
 + Level 5.7 Axes
 + Level 0.5(3.5) Maces & Flails
 + Level 3.9 Armour
 + Level 3.1 Dodging
 + Level 0.2 Stealth


You had 4 spell levels left.
You didn't know any spells.
Your spell library was empty.

Dungeon Overview and Level Annotations

Branches:
Dungeon (4/15)
 Temple: D:4-7

Altars:
Gozag
Vehumet

Annotations:
D:3 Grinder


Innate Abilities, Weirdness & Mutations

You reflexively headbutt those who attack you in melee.
You have a pair of horns on your head.


Message History

You resist with almost no effort.
You closely miss Grinder.
Grinder is heavily wounded.
Grinder hits you.
* * * LOW HITPOINT WARNING * * *
You writhe in agony.
* * * LOW HITPOINT WARNING * * *
You hit Grinder but do no damage. Your headbutt misses Grinder.
Grinder is heavily wounded.
Grinder hits you.
* * * LOW HITPOINT WARNING * * *
You writhe in agony.
* * * LOW HITPOINT WARNING * * *
A red film seems to cover your vision as you go berserk!
You feel yourself moving faster!
You feel mighty!
You are feeling very hungry.
Grinder hits you.
* * * LOW HITPOINT WARNING * * *
You writhe in agony.
You die...

#....# .# #....# .##
###### #....#####..##
.....# #....##......###
.....#####....##......%..
..............##.......#
..÷..#######..#.......#
......................#
.÷.##...........@†....#
...# ..........#.5.####
...#...........#...#
......#.###..........
##.##...# ##.##..##...#
.......## #. ......#..#
......... ...#####.#....
.#....... .#
####.######## ......#..
#. ##.....#.....##


You could see Grinder.

Vanquished Creatures
  2 orc priests (D:3)
  Jessica (D:2)
  Ijyb (D:3)
  Natasha (D:3)
  5 adders
  A worm (D:3)
  2 dart slugs
  5 leopard geckos
  11 orcs (D:3)
  4 giant cockroaches
  5 goblins
  2 hobgoblins
  2 jackals (D:1)
  A quokka (D:2)
  A ball python skeleton (D:4)
  7 bats
  5 frilled lizards
  6 kobolds
  11 rats
73 creatures vanquished.

Notes
Turn   | Place    | Note
-------+----------+-------------------------------------------
     0 | D:1      | snetch the Minotaur Berserker began the quest for the Orb.
     0 | D:1      | Reached XP level 1. HP: 19/19 MP: 0/0
   104 | D:1      | Reached XP level 2. HP: 12/27 MP: 1/1
   294 | D:1      | Reached XP level 3. HP: 9/33 MP: 2/2
   438 | D:1      | Reached ** piety under Trog
   531 | D:2      | Found a radiant altar of Vehumet.
  1115 | D:3      | Found an opulent altar of Gozag.
  1115 | D:3      | Noticed Ijyb
  1115 | D:3      | Noticed Jessica
  1121 | D:2      | Killed Jessica
  1121 | D:2      | Reached XP level 4. HP: 31/41 MP: 3/3
  1207 | D:3      | Killed Ijyb
  1207 | D:3      | Reached skill level 5 in Axes
  1322 | D:3      | Reached skill level 5 in Fighting
  1322 | D:3      | Reached XP level 5. HP: 33/48 MP: 4/4
  1570 | D:3      | Noticed Natasha
  1575 | D:3      | Killed Natasha
  1686 | D:3      | Noticed Grinder
  1711 | D:3      | HP: 3/72 [Grinder (6)]
  1711 | D:3      | Slain by Grinder

Levels and vault maps discovered:
D:1:      lightli_arrival_flooded_house, layout_rooms, serial_park_tiny_2
D:2:      layout_rooms, nicolae_overflow_crystal_walls, first_ration
D:3:      layout_rooms, amethyst_overflow_temple_binary,
          nicolae_gozag_seed_capital, gammafunk_temple_overflow_elements,
          hangedman_feature_mirror, minmay_fractal_squares_5, uniq_ijyb,
          uniq_natasha, uniq_grinder, uniq_jessica
D:4:      layout_loops_ring, hex_medium

Skill      XL: |  1  2  3  4 |
---------------+-------------+-----
Fighting       | 4 5 |  5.3
Axes           | 4 5 |  5.7
Armour         | 3 |  3.9
Dodging        | 3 |  3.1
Maces & Flails | |  0.5
Stealth        | |  0.2

Action                   |  1- 3 |  4- 6 || total
-------------------------+-------+-------++-------
Melee: Hand axe          |    78 |    46 ||   124
       Headbutt          |     9 |     8 ||    17
       Mace              |       |    17 ||    17
       Morningstar       |       |    14 ||    14
 Fire: Hunting sling     |     3 |       ||     3
Throw: Stone             |     1 |       ||     1
Invok: Berserk           |       |     3 ||     3
       Trog's Hand       |       |     3 ||     3
  Use: Potion            |     1 |       ||     1
  Eat: Chunk             |     1 |     4 ||     5
Armor: Animal skin       |     8 |       ||     8
       Ring mail         |     9 |    22 ||    31
Dodge: Dodged            |    57 |    65 ||   122

Table legend:
 A = Non-vault XP
 B = Vault XP
 C = Vault XP percentage of total XP
 D = Non-vault monster count
 E = Vault monster count
 F = Vault count percentage of total count
                 A         B        C        D         E       F
            +---------+---------+-------+---------+---------+-------
      Total |     231 |     145 |  38.6 |      58 |      15 |  20.5
            +---------+---------+-------+---------+---------+-------
        D:1 |      30 |       0 |   0.0 |      20 |       0 |   0.0
        D:2 |      49 |      37 |  43.0 |      16 |       1 |   5.9
        D:3 |     151 |     108 |  41.7 |      21 |      14 |  40.0
        D:4 |       1 |       0 |   0.0 |       1 |       0 |   0.0
            +---------+---------+-------+---------+---------+-------
